 Dungeon Crawl Stone Soup version 0.29-a0-553-g81b289dbe5 (webtiles) character file.

Game seed: 11694472359774386609

49 Hubjo the Insei (level 3, 0/27 HPs)
             Began as a Demonspawn Transmuter on June 6, 2022.
             Was a Follower of Nemelex Xobeh.
             Succumbed to a water moccasin's poison
             ... on level 2 of the Dungeon.
             The game lasted 00:02:18 (2187 turns).

Hubjo the Insei (Demonspawn Transmuter)             Turns: 2187, Time: 00:02:19

Health: 0/27       AC:  2    Str: 10    XL:     3   Next: 51%
Magic:  6/6        EV: 12    Int: 14    God:    Nemelex Xobeh [*.....]
Gold:   41         SH:  0    Dex: 15    Spells: 5/6 levels left

rFire   + . .      SeeInvis .     - Unarmed
rCold   . . .      Faith    .   (no shield)
rNeg    . . .      Spirit   .   a - +0 robe
rPois   .          Reflect  .   (no helmet)
rElec   .          Harm     .   (no cloak)
rCorr   .          Rampage  .   (no gloves)
Will    .....                   (no boots)
Stlth   ++........              (no amulet)
HPRegen 0.09/turn               (no ring)
MPRegen 0.10/turn               (no ring)

@: brilliant, lethally poisoned (0 -> -10), very slightly contaminated
A: powered by death 1, powered by pain 1, fire resistance 1, wild magic 1
a: Renounce Religion, Draw Escape, Draw Destruction, Draw Summoning


You were on level 2 of the Dungeon.
You worshipped Nemelex Xobeh.
Nemelex Xobeh was aware of your devotion.
You visited 1 branch of the dungeon, and saw 3 of its levels.

You collected 41 gold pieces.

Inventory:

Armour
 a - a +0 robe (worn)
Scrolls
 d - 2 scrolls of fear {unknown}
 e - a scroll of enchant armour {unknown}
 f - a scroll of identify {unknown}
Potions
 b - a potion of lignification
 c - a potion of brilliance
 g - a potion of resistance {unknown}
 i - 2 potions of degeneration {unknown}
 k - a potion of magic {unknown}


   Skills:
 + Level 2.1 Fighting
 - Level 1.7 Dodging
 + Level 1.0 Stealth
 + Level 3.0 Unarmed Combat
 + Level 2.3 Spellcasting
 * Level 2.1 Transmutations


You had 5 spell levels left.
You knew the following spells:

 Your Spells              Type           Power      Damage    Failure   Level
a - Beastly Appendage     Tmut           30%        N/A       14%         1

Your spell library contained the following spells:

 Spells                   Type           Power      Damage    Failure   Level
 Wereblood                Tmut           15%        N/A       21%         2
 Summon Small Mammal      Summ           12%        N/A       30%         1
 Spider Form              Tmut/Pois      9%         N/A       50%         3
 Call Canine Familiar     Summ           3%         N/A       65%         3
 Summon Guardian Golem    Hex/Summ       3%         N/A       65%         3
 Ice Form                 Ice/Tmut       9%         N/A       87%         4


Dungeon Overview and Level Annotations

Branches:
Dungeon (3/15)

Altars:
Nemelex Xobeh


Innate Abilities, Weirdness & Mutations

You regenerate a little health from kills.
You sometimes gain a little power by taking damage.
Your flesh is heat resistant. (rF+)
Your spells are a little harder to cast, but a little more powerful.


Message History

There is a stone staircase leading up here.
You miscast Beastly Appendage.
You are very lightly contaminated with residual magic.
Nothing appears to happen.
You miscast Beastly Appendage.
Nothing appears to happen.
The water moccasin hisses angrily.
The goblin shouts!
The goblin closely misses you. The water moccasin bites you.
The goblin hits you but does no damage.
You climb upwards.
There is a stone staircase leading down here.
As you read the scroll labelled AWEKHL XOXKA QYP, it crumbles to dust.
You feel strangely unstable.
It was a scroll of teleportation.
The water moccasin closely misses you. The goblin closely misses you.
The water moccasin bites you but does no damage.
You hit the goblin but do no damage. The water moccasin bites you!
The goblin hits you with a +0 club.
You hit the goblin.
You kill the goblin!
The water moccasin bites you but does no damage.
Your Stealth skill increases to level 1!
You hit the water moccasin.
The water moccasin is lightly wounded.
The water moccasin barely misses you. The water moccasin bites you!
* * * LOW HITPOINT WARNING * * *
You focus on the pain.
You feel your power returning.
You are lethally poisoned!
The water moccasin poisons you!
You miss the water moccasin.
The water moccasin is lightly wounded.
Your surroundings suddenly seem different.
* * * LOW HITPOINT WARNING * * *
You feel very sick.
It was a potion of mutation.
You feel extremely strange.
You feel less in control of your magic.
You feel resistant to heat.
* * * LOW HITPOINT WARNING * * *
You feel very sick.
It was a potion of brilliance.
You feel clever all of a sudden.
You die...
Your body disappears without a glow.

#...................)>S.
#....................##.
##........#.)..)........
##......###.##.###..###
##............# ##.#..
#..........### #.#..
#..........# #....
#..........# #.###
#...@......## #.#..
####........## #.#(.
#.<........# #.###
#..........# #....
#..........# #####
#..........########
#..................
##........#########
#..........#


There were no monsters in sight!

Vanquished Creatures
  An adder (D:2)
  A worm (D:2)
  4 endoplasms
  3 giant cockroaches (D:2)
  2 goblins (D:2)
  4 hobgoblins
  2 kobolds (D:1)
  2 quokkas
  3 ball pythons (D:2)
  5 bats
  4 frilled lizards
  4 rats
35 creatures vanquished.

Notes
Turn   | Place    | Note
-------+----------+-------------------------------------------
     0 | D:1      | Hubjo the Demonspawn Transmuter began the quest for the
                  | Orb.
     0 | D:1      | Reached XP level 1. HP: 15/15 MP: 3/3
   330 | D:1      | Found a faded altar of an unknown god.
   535 | D:1      | Gained mutation: You sometimes gain a little power by
                  | taking damage. [demonic ancestry]
   535 | D:1      | Reached XP level 2. HP: 19/21 MP: 3/5
  1299 | D:1      | Prayed at the altar of an unknown god.
  1299 | D:1      | Became a worshipper of Nemelex Xobeh the Trickster
  1299 | D:1      | Reached * piety under Nemelex Xobeh
  1742 | D:2      | Gained mutation: You regenerate a little health from kills.
                  | [demonic ancestry]
  1742 | D:2      | Reached XP level 3. HP: 27/27 MP: 4/6
  1979 | D:2      | Reached skill level 3 in Unarmed Combat
  2176 | D:3      | Noticed a water moccasin
  2184 | D:2      | Reached skill level 1 in Stealth
  2186 | D:2      | Gained mutation: Your spells are a little harder to cast,
                  | but a little more powerful. [potion of mutation]
  2186 | D:2      | Gained mutation: Your flesh is heat resistant. (rF+)
                  | [potion of mutation]
  2187 | D:2      | Succumbed to a water moccasin's poison

Illustrated notes

Levels and vault maps discovered:
D:1:      tarquinn_simple_flora_water_e, layout_basic,
          dilly_ecumenical_altar_fadedgnrine
D:2:      layout_rooms, minmay_octomino_c4
D:3:      layout_basic, grunt_ministairs_2

Skill      XL: |  1  2  3 |
---------------+----------+-----
Transmutations | 2 |  2.1
Fighting       | 2 |  2.1
Unarmed Combat | 3 |  3.0
Stealth        | 1 |  1.0
Dodging        | |  1.7
Spellcasting   | |  2.3

Action                   || total
-------------------------++-------
Melee: Unarmed           ||   102
       Kick              ||    22
       Headbutt          ||     5
       Punch             ||     3
 Cast: Beastly Appendage ||    21
  Use: Potion            ||     2
       Scroll            ||     1
 Stab: Sleeping          ||     2
Armor: Robe              ||    15
Dodge: Dodged            ||    64

Table legend: (Time is in decaauts)
 A = Elapsed time spent in this place.
 B = Non-inter-level travel time spent in this place.
 C = Inter-level travel time spent in this place.
 D = Time resting spent in this place.
 E = Time spent auto-exploring this place.
 F = Levels seen in this place.
 G = Mean time per level.
                   A        B        C        D        E       F      G
               +--------+--------+--------+--------+--------+-----+--------+
         Total |   2182 |   2102 |     80 |      0 |   1825 |   3 |  727.3 |
       Dungeon |   2182 |   2102 |     80 |      0 |   1825 |   3 |  727.3 |
               +--------+--------+--------+--------+--------+-----+--------+

Top non-repeatable levels by time:
     D:1: 1356 daAuts
     D:2: 821 daAuts
     D:3: 3 daAuts
